 Dungeon Crawl Stone Soup version 0.20.1-1-g8b1a95d (webtiles) character file.

3220 torrenera the Thaumaturge (level 9, -12/65 HPs)
             Began as a Mummy Necromancer on July 6, 2017.
             Was an Initiate of Kikubaaqudgha.
             Mangled by a two-headed ogre
             ... wielding a +0 giant club
              (23 damage)
             ... on level 9 of the Dungeon on July 7, 2017.
             The game lasted 00:27:54 (10584 turns).

torrenera the Thaumaturge (Mummy Necromancer)      Turns: 10584, Time: 00:27:55

Health: -12/65     AC:  6    Str:  9    XL:     9   Next: 66%
Magic:  12/32      EV: 12    Int: 18    God:    Kikubaaqudgha [......]
Gold:   187        SH:  0    Dex: 20    Spells: 15/29 levels left

rFire    x . .     SeeInvis .   j - staff of death
rCold    + . .     Gourm    .   (no shield)
rNeg     + + +     Faith    .   u - +2 robe {MR+}
rPois    ∞         Spirit   .   (no helmet)
rElec    .         Reflect  .   (no cloak)
rCorr    .         Harm     .   t - +0 pair of gloves of Modesty {Str-2 Dex+4}
MR       ++...                  y - +0 pair of boots
Stlth    ++........             (no amulet)
Regen    0.2/turn               m - +4 ring of dexterity
MPRegen  0.3/turn               x - ring of magical power

@: no status effects
A: no food or potions, fire vulnerability, cold resistance 1, negative energy
resistance 3, torment resistance, unbreathing
a: Renounce Religion


You were on level 9 of the Dungeon.
You worshipped Kikubaaqudgha.
Kikubaaqudgha was noncommittal.
You were not hungry.

You visited 2 branches of the dungeon, and saw 10 of its levels.

You collected 391 gold pieces.
You spent 204 gold pieces at shops.

Inventory:

Hand Weapons
 a - a +1 hunting sling of velocity
 v - a +0 morningstar
Missiles
 l - 84 stones (quivered)
 o - 34 sling bullets
 w - 3 javelins
Armour
 t - the +0 pair of gloves of Modesty (worn) {Str-2 Dex+4}
   (You found it on level 5 of the Dungeon)

   It affects your strength (-2).
   It affects your dexterity (+4).
 u - a +2 robe of magic resistance (worn)
 y - a +0 pair of boots (worn)
Magical Staves
 j - an uncursed staff of death (weapon)
Jewellery
 m - a +4 ring of dexterity (left hand)
 x - a ring of magical power (right hand)
 C - a +3 ring of strength {unknown}
Scrolls
 c - 5 scrolls of teleportation
 d - 4 scrolls of remove curse
 e - 2 scrolls of amnesia {unknown}
 f - 3 scrolls of blinking
 g - 2 scrolls of recharging
 h - 2 scrolls of enchant weapon
 i - a scroll of fear
 k - a scroll of enchant armour {unknown}
 n - a scroll of noise {unknown}
 q - a scroll of magic mapping
 r - a scroll of random uselessness {unknown}
 s - 4 scrolls of identify
 A - a scroll of fog {unknown}
 B - a scroll of vulnerability {unknown}
Books
 b - a book of Necromancy

   Spells                             Type                      Level
   a - Pain                           Necromancy                   1
   b - Animate Skeleton               Necromancy                   1
   c - Vampiric Draining              Necromancy                   3
   d - Regeneration                   Charms/Necromancy            3
   e - Animate Dead                   Necromancy                   4
   f - Control Undead                 Necromancy                   4
 p - a book of Conjurations

   Spells                             Type                      Level
   a - Magic Dart                     Conjuration                  1
   b - Searing Ray                    Conjuration                  2
   c - Dazzling Spray                 Conjuration/Hexes            3
   d - Fulminant Prism                Conjuration/Hexes            4
   e - Force Lance                    Conjuration/Translocation    4
   f - Iskenderun's Mystic Blast      Conjuration                  4


   Skills:
 * Level 4.0 Fighting
 - Level 1.5 Dodging
 - Level 1.5 Stealth
 - Level 10.8 Spellcasting
 + Level 10.3 Necromancy


You had 15 spell levels left.
You knew the following spells:

 Your Spells              Type           Power        Failure   Level  Hunger
a - Pain                  Necr           ####         1%          1    N/A
b - Vampiric Draining     Necr           ######....   1%          3    N/A
c - Animate Dead          Necr           N/A          1%          4    N/A
d - Control Undead        Necr           ######....   1%          4    N/A
e - Searing Ray           Conj           #.....       11%         2    N/A

Dungeon Overview and Level Annotations

Branches:
Dungeon (9/15)             Temple (1/1) D:7
   Lair: D:8-11         Orc: D:9-12

Altars:
Ashenzari
Cheibriados
Elyvilon
Fedhas
Gozag
Hepliaklqana
Kikubaaqudgha
Sif Muna
Trog
Uskayaw
Yredelemnul
The Shining One

Shops:
D:7 =

Annotations:
D:5 Grinder


Innate Abilities, Weirdness & Mutations

You do not eat or drink.
Your flesh is vulnerable to fire.
You are immune to poison.
Your flesh is cold resistant. (rC+)
You are immune to negative energy. (rN+++)
You are immune to unholy pain and torment.
You can survive without breathing.


Message History

You feel a surge of power!
The two-headed ogre is moderately wounded.
You feel life coursing into your body.
Something closely misses your hungry ghost.
The two-headed ogre closely misses you. x2; Your hungry ghost hits something.
Kikubaaqudgha accepts your kill.
Reactivating autopickup.
Your Fighting skill increases to level 4!
You feel a bit more experienced.
Casting: Vampiric Draining
Confirm with . or Enter, or press ? or * to list all spells.
Aiming: Vampiric Draining
Press: ? - help, Shift-Dir - straight line, f/p - two-headed ogre
Aim: a two-headed ogre, wielding a giant club and a giant spiked club (moderately wounded)
You feel a surge of power!
The two-headed ogre is heavily wounded.
You feel life coursing into your body.
The two-headed ogre hits you with a giant club!!
You die...
Kikubaaqudgha rasps: "You have failed me!
Welcome... oblivion!"

................
.............$..
.......<........
.#########..#### ##+##
.##....###+###.####..$#######
..'.....#....#...............
..#..<..#....#...............
..#.....#....#...............
..#.....'....'..@OW.......... .#
..#.....#....#......)..........#
###....##...####.####'######..#
#....##...####.###..######..##
.......+...Z..#...'...........#
........#.....@#...#....!......#
.##....#########..##<.##..$#..#
#.... #..##..##.###
.....#......#


You could see a two-headed ogre and a friendly hungry ghost.

Vanquished Creatures
  2 hippogriffs
  A hungry ghost (D:8)
  Sigmund (D:5)
  A water moccasin (D:9)
  2 orc warriors
  An ice beast (D:6)
  3 sky beasts
  5 ogres
  A centaur (D:8)
  2 bullfrogs
  A water moccasin skeleton (D:8)
  A howler monkey (D:6)
  A crimson imp (D:7)
  A jelly (D:6)
  An orc priest (D:7)
  2 hounds
  2 orc wizards
  A centaur skeleton (D:8)
  Jessica (D:2)
  Natasha (twice) (D:2)
  2 iguanas (D:6)
  7 worker ants
  A worker ant zombie (D:9)
  4 gnolls (D:5)
  13 adders
  A shadow imp (D:7)
  An adder skeleton (D:4)
  4 worms
  2 dart slugs (D:1)
  2 leopard geckos
  14 orcs
  6 giant cockroaches
  8 goblins
  8 hobgoblins
  13 jackals
  7 kobolds
  6 quokkas
  A ball python (D:6)
  8 bats
  A frilled lizard (D:5)
  A jackal zombie (D:8)
  A quokka skeleton (D:4)
  A quokka zombie (D:5)
  6 rats
150 creatures vanquished.

Vanquished Creatures (collateral kills)
  Psyche (D:9)
  A phantom (D:4)
  A bullfrog (D:8)
  A crimson imp (D:6)
  A hound (D:4)
  A bullfrog skeleton (D:6)
  A centaur skeleton (D:8)
  A giant cockroach (D:6)
  A goblin (D:5)
  A hobgoblin (D:4)
10 creatures vanquished.

Grand Total: 160 creatures vanquished

Notes
Turn   | Place    | Note
-------+----------+-------------------------------------------
     0 | D:1      | torrenera the Mummy Necromancer began the quest for the Orb.
     0 | D:1      | Reached XP level 1. HP: 13/13 MP: 4/4
   475 | D:1      | Reached XP level 2. HP: 19/19 MP: 1/6
  1556 | D:1      | Reached XP level 3. HP: 24/24 MP: 5/8
  2280 | D:2      | Learned a level 3 spell: Vampiric Draining
  2330 | D:2      | Reached XP level 4. HP: 30/30 MP: 0/10
  2605 | D:2      | Noticed Natasha
  2612 | D:2      | Killed Natasha
  2684 | D:2      | Found a snail-covered altar of Cheibriados.
  2684 | D:2      | Found an opulent altar of Gozag.
  2722 | D:2      | Reached skill level 5 in Spellcasting
  2834 | D:2      | Noticed Jessica
  2846 | D:2      | Killed Jessica
  2846 | D:2      | Reached skill level 5 in Necromancy
  2934 | D:2      | Reached XP level 5. HP: 35/35 MP: 12/12
  2993 | D:2      | Noticed Natasha
  2999 | D:2      | Killed Natasha
  3875 | D:3      | Learned a level 4 spell: Animate Dead
  3880 | D:3      | Learned a level 4 spell: Control Undead
  3883 | D:3      | Learned a level 2 spell: Searing Ray
  4053 | D:4      | Noticed a sky beast
  4053 | D:4      | Noticed a phantom
  4315 | D:4      | Killed a sky beast
  4315 | D:4      | Reached XP level 6. HP: 25/41 MP: 2/15
  5252 | D:4      | Reached XP level 7. HP: 46/46 MP: 10/18
  6037 | D:5      | Entered Level 5 of the Dungeon
  6088 | D:5      | Got a pair of heavily runed gloves
  6094 | D:5      | Identified the +0 pair of gloves of Modesty {Str-2 Dex+4} (You found it on level 5 of the Dungeon)
  6225 | D:5      | Noticed Sigmund
  6231 | D:5      | Killed Sigmund
  6396 | D:5      | Noticed Grinder
  6435 | D:5      | Paralysed by Grinder for 3 turns
  6908 | D:6      | Reached XP level 8. HP: 15/52 MP: 7/21
  7199 | D:6      | Reached skill level 10 in Spellcasting
  7932 | D:6      | Found a glowing golden altar of the Shining One.
  8529 | D:6      | Found a shattered altar of Ashenzari.
  8664 | D:6      | Reached skill level 1 in Fighting
  9120 | D:7      | Found Doucasu's Jewellery Boutique.
  9124 | D:7      | Bought a cursed ring of magical power for 204 gold pieces
  9260 | D:7      | Noticed a hippogriff
  9271 | D:7      | Killed a hippogriff
  9271 | D:7      | Reached XP level 9. HP: 49/62 MP: 20/23
  9578 | D:7      | Found a staircase to the Ecumenical Temple.
  9587 | Temple   | Entered the Ecumenical Temple
  9630 | Temple   | Became a worshipper of Kikubaaqudgha
 10453 | D:9      | Noticed a two-headed ogre
 10519 | D:9      | Reached skill level 10 in Necromancy
 10529 | D:9      | Noticed Psyche
 10550 | D:9      | Noticed a two-headed ogre
 10582 | D:9      | HP: 1/64 [two-headed ogre/giant club (11)]
 10583 | D:9      | Killed Psyche
 10584 | D:9      | Mangled by a two-headed ogre

Skill      XL: |  1  2  3  4  5  6  7  8  9 |
---------------+----------------------------+-----
Spellcasting   | 3 4 5 6 8 9 10 | 10.8
Necromancy     | 5 6 8 10 | 10.3
Fighting       | 2 4 |  4.0
Dodging        | |  1.5
Stealth        | |  1.5

Action                   |  1- 3 |  4- 6 |  7- 9 || total
-------------------------+-------+-------+-------++-------
Melee: Dagger            |    10 |       |       ||    10
       Spear             |    15 |    51 |    19 ||    85
       Staff             |       |       |   113 ||   113
       Morningstar       |       |       |    14 ||    14
 Fire: Hunting sling     |       |    29 |    31 ||    60
Throw: Stone             |       |     3 |     3 ||     6
 Cast: Pain              |    70 |    91 |   171 ||   332
       Control Undead    |       |     5 |     3 ||     8
       Vampiric Draining |       |     3 |    33 ||    36
       Searing Ray       |       |     3 |     8 ||    11
       Animate Dead      |       |     2 |    17 ||    19
  Use: Scroll            |       |       |     8 ||     8
 Stab: Sleeping          |       |       |     3 ||     3
Armor: Robe              |     8 |    17 |    64 ||    89
Dodge: Dodged            |    24 |    46 |   181 ||   251
